 Dungeon Crawl Stone Soup version 0.23.2-1-ga50397a6bc (webtiles) character file.

Game seed: 1841753368482667056

217 KOK29364 the Gusty (level 5, -2/39 HPs)
             Began as a Draconian Air Elementalist on Apr 14, 2019.
             Slain by a sky beast (6 damage)
             ... on level 4 of the Dungeon.
             The game lasted 00:21:04 (5086 turns).

KOK29364 the Gusty (Draconian Air Elementalist)     Turns: 5086, Time: 00:21:06

Health: -2/39      AC:  6    Str: 13    XL:     5   Next: 61%
Magic:  10/10      EV: 13    Int: 16    God:
Gold:   142        SH:  0    Dex: 13    Spells: 4/10 levels left

rFire    + . .     SeeInvis .   r - +2 dagger (elec)
rCold    x . .     Gourm    .   (no shield)
rNeg     . . .     Faith    .   (armour unavailable)
rPois    .         Spirit   .   (helmet restricted)
rElec    .         Reflect  .   a - +0 cloak
rCorr    .         Harm     .   (no gloves)
MR       .....                  (no boots)
Stlth    ++........             (no amulet)
HPRegen  0.13/turn              s - ring of fire
MPRegen  0.12/turn              v - ring of flight

@: no status effects
A: unfitting armour, horns 1, stinger 1, agile 1, strong 1, cold-blooded, AC +5
a: Evoke Flight


You were on level 4 of the Dungeon.
You were not hungry.

You visited 1 branch of the dungeon, and saw 4 of its levels.

You collected 142 gold pieces.

Inventory:

Hand Weapons
 d - a +1 club
 k - a +0 mace
 r - a +2 dagger of electrocution (weapon)
 t - a +0 club
Missiles
 f - 4 tomahawks (quivered)
 h - 84 stones
Armour
 a - a +0 cloak (worn)
 c - a +2 helmet
 l - a cursed +0 robe
 u - a +0 cloak
Jewellery
 i - an uncursed amulet of guardian spirit
 s - a ring of fire (left hand)
 v - a ring of flight (right hand)
Scrolls
 j - a scroll of fear
 m - a scroll of immolation
 p - 2 scrolls of fog
Potions
 e - a potion of cancellation
 g - 2 potions of might
 o - a potion of heal wounds
 q - a potion of agility
 w - a potion of resistance {unknown}
Comestibles
 b - 10 rations
 n - 4 chunks of flesh


   Skills:
 + Level 0.5 Fighting
 + Level 0.3 Short Blades
 + Level 1.1 Maces & Flails
 + Level 2.4 Dodging
 + Level 2.1 Stealth
 + Level 0.1 Unarmed Combat
 + Level 3.3 Spellcasting
 + Level 2.0 Conjurations
 + Level 4.2 Air Magic


You had 4 spell levels left.
You knew the following spells:

 Your Spells              Type           Power        Failure   Level  Hunger
a - Shock                 Conj/Air       ##..         4%          1    None
b - Swiftness             Chrm/Air       #.......     12%         2    ##.....
c - Static Discharge      Conj/Air       ##......     14%         3    ###....

Your spell library contained the following spells:

 Spells                   Type           Power        Failure   Level  Hunger
 Airstrike                Air            ###.......   30%         4    ####...
 Lightning Bolt           Conj/Air       ##........   80%         5    ######.


Dungeon Overview and Level Annotations

Branches:
Dungeon (4/15)
 Temple: D:4-7

Altars:


Innate Abilities, Weirdness & Mutations

Your plain brown scales are hard. (AC +5)
You cannot fit into any form of body armour.
You are cold-blooded and may be slowed by cold attacks.
You have a pair of small horns on your head.
Your tail ends in a poisonous barb.
You are agile. (Dex +2)
Your muscles are strong. (Str +2)


Message History

Something shocks you.
You barely miss something. Your headbutt misses something.
Something hits you but does no damage.
You hit something. Your headbutt misses something. You tail-slap something.
Something hits you but does no damage.
Casting: Shock (safe; 4% risk of failure)
Confirm with . or Enter, or press ? or * to list all spells.
You can't see any susceptible monsters within range! (Use Z to cast anyway.)
You hit something. Your headbutt misses something.
Your tail-slap misses something.
Something hits you.
* * * LOW HITPOINT WARNING * * *
Something shocks you.
* * * LOW HITPOINT WARNING * * *
You hit something.
Your tail-slap misses something.
A sky beast appears from thin air!
Reactivating autopickup.
The sky beast hits you.
* * * LOW HITPOINT WARNING * * *
The sky beast shocks you.
You die...

..#....###.......#..##
............##.......
#............#......
.#.................#
..................#
##............#..#####
#............รท...#...#
##....Y.....###......##
#.....@.....###....#)..
##..####.....#..)..#..#
#. ..........###..##
............#####
..............##
...##..........# ...
#..........####
#..............
...............


You could see a sky beast.

Vanquished Creatures
  8 adders
  3 gnolls (D:3)
  An adder skeleton (D:4)
  2 worms
  2 dart slugs
  4 leopard geckos
  14 orcs
  2 ball pythons (D:2)
  8 bats
  6 giant cockroaches
  3 goblins
  5 hobgoblins
  A quokka (D:3)
  8 frilled lizards
  12 kobolds
  14 rats
93 creatures vanquished.

Notes
Turn   | Place    | Note
-------+----------+-------------------------------------------
     0 | D:1      | KOK29364 the Draconian Air Elementalist began the quest for
                  | the Orb.
     0 | D:1      | Reached XP level 1. HP: 14/14 MP: 3/3
   389 | D:1      | Reached XP level 2. HP: 20/20 MP: 5/5
   393 | D:1      | Learned a level 2 spell: Swiftness
  1586 | D:2      | Reached XP level 3. HP: 23/26 MP: 2/7
  2188 | D:2      | Gained mutation: Your spells are a little harder to cast,
                  | but a little more powerful. [potion of mutation]
  2188 | D:2      | Gained mutation: You have a pair of small horns on your
                  | head. [potion of mutation]
  2188 | D:2      | Gained mutation: You have sharp toenails. [potion of
                  | mutation]
  2189 | D:2      | Lost mutation: Your spells are a little harder to cast, but
                  | a little more powerful. [potion of mutation]
  2189 | D:2      | Lost mutation: You have sharp toenails. [potion of
                  | mutation]
  2189 | D:2      | Lost mutation: You have a pair of small horns on your head.
                  | [potion of mutation]
  2189 | D:2      | Gained mutation: You are resistant to hostile enchantments.
                  | (MR+) [potion of mutation]
  2189 | D:2      | Gained mutation: You have large cloven feet. [potion of
                  | mutation]
  2212 | D:2      | Lost mutation: You are resistant to hostile enchantments.
                  | (MR+) [potion of mutation]
  2212 | D:2      | Lost mutation: You have large cloven feet. [potion of
                  | mutation]
  2212 | D:2      | Gained mutation: You are agile. (Dex +2) [potion of
                  | mutation]
  2212 | D:2      | Gained mutation: Your muscles are strong. (Str +2) [potion
                  | of mutation]
  2212 | D:2      | Gained mutation: You have a pair of small horns on your
                  | head. [potion of mutation]
  2212 | D:2      | Gained mutation: Your tail ends in a poisonous barb.
                  | [potion of mutation]
  2350 | D:2      | Reached XP level 4. HP: 10/33 MP: 5/8
  2644 | D:2      | Learned a level 3 spell: Static Discharge
  3118 | D:2      | Reached skill level 4 in Air Magic
  3355 | D:3      | Reached skill level 1 in Maces & Flails
  3847 | D:3      | Reached XP level 5. HP: 39/39 MP: 0/9
  5054 | D:4      | Noticed a sky beast
  5086 | D:4      | Slain by a sky beast

Skill      XL: |  1  2  3  4  5 |
---------------+----------------+-----
Dodging        | 2 |  2.4
Stealth        | 2 |  2.1
Air Magic      | 4 |  4.2
Maces & Flails | 1 |  1.1
Spellcasting   | 3 |  3.3
Conjurations   | 2 |  2.0
Fighting       | |  0.5
Short Blades   | |  0.3
Unarmed Combat | |  0.1

Action                   |  1- 3 |  4- 6 || total
-------------------------+-------+-------++-------
Melee: Unarmed           |    12 |       ||    12
       Club              |    34 |    41 ||    75
       Tailslap          |     7 |    10 ||    17
       Headbutt          |     3 |    12 ||    15
       Kick              |     1 |       ||     1
       Dagger            |       |    42 ||    42
 Cast: Shock             |    43 |    97 ||   140
  Use: Scroll            |     8 |     6 ||    14
       Potion            |     3 |       ||     3
 Stab: Sleeping          |       |     1 ||     1
  Eat: Chunk             |     1 |     9 ||    10
       Ration            |     1 |       ||     1
Armor: Skin              |    34 |    17 ||    51
Dodge: Dodged            |    36 |    48 ||    84
